 Dungeon Crawl Stone Soup version 0.29.1-12-g30fa7ad0bf (webtiles) character file.

Game seed: 10647063137346119774

197 OTABOTABOTAB the Caller (level 5, 22/22 HPs)
             Began as a Felid Summoner on Jan 17, 2023.
             Quit the game on level 4 of the Dungeon.
             The game lasted 00:11:56 (6496 turns).

OTABOTABOTAB the Caller (Felid Summoner)            Turns: 6496, Time: 00:11:57

Health: 22/22      AC:  1    Str:  4    XL:     5   Next: 46%
Magic:  11/11      EV: 18    Int: 19    God:
Gold:   247        SH:  0    Dex: 16    Spells: 2/11 levels left
                                        Lives:  0   Deaths: 1

rFire   . . .      SeeInvis +   (weapon unavailable)
rCold   . . .      Faith    .   (shield unavailable)
rNeg    . . .      Spirit   .   (body armour unavailable)
rPois   .          Reflect  .   (helmet unavailable)
rElec   .          Harm     .   (cloak unavailable)
rCorr   .          Rampage  .   (gloves unavailable)
Will    .....                   (boots unavailable)
Stlth   ++........              (no amulet)
HPRegen 0.07/turn               (no ring)
MPRegen 0.12/turn               (no ring)

@: quick
A: very small, claws 1, fangs 3, see invisible, speed 1, shaggy fur 1, stealthy
paws, no weapons or thrown items, no armour, multi-lived
a: no special abilities


You were on level 4 of the Dungeon.
You visited 1 branch of the dungeon, and saw 4 of its levels.

You collected 247 gold pieces.

Inventory:

Jewellery
 f - a ring of fire {rF+, rC-}
   (You found it on level 1 of the Dungeon)
Scrolls
 a - 3 scrolls of immolation {unknown}
 c - a scroll of fear {unknown}
 d - a scroll of silence {unknown}
 h - 2 scrolls of identify {unknown}
 i - 2 scrolls of teleportation {unknown}
 k - 2 scrolls of enchant weapon {unknown}
 n - a scroll of enchant armour {unknown}
 o - a scroll of noise {unknown}
 p - a scroll of fog {unknown}
Potions
 b - 4 potions of invisibility {unknown}
 e - 3 potions of curing {unknown}
 g - a potion of ambrosia {unknown}
 j - a potion of heal wounds {unknown}
 l - a potion of might {unknown}
 m - 2 potions of degeneration {unknown}
 q - a potion of attraction {unknown}
 r - a potion of lignification {unknown}
 M - a potion of magic


   Skills:
 + Level 1.7 Fighting
 + Level 3.6 Dodging
 - Level 2.6 Stealth
 + Level 3.8 Spellcasting
 + Level 2.3 Hexes
 + Level 5.5 Summonings


You had 2 spell levels left.
You knew the following spells:

 Your Spells              Type           Power      Damage    Failure   Level
a - Summon Small Mammal   Summ           96%        N/A       1%          1
b - Call Canine Familiar  Summ           24%        N/A       4%          3
c - Call Imp              Summ           24%        N/A       2%          2
d - Summon Guardian Gole  Hex/Summ       18%        N/A       9%          3

Your spell library contained the following spells:

 Spells                   Type           Power      Damage    Failure   Level
 Sandblast                Erth           6%         2d5       14%         1
 Passwall                 Tmut/Erth      2%         N/A       22%         2
 Static Discharge         Conj/Air       3%         3-4/arc   22%         2
 Stone Arrow              Conj/Erth      6%         3d7       38%         3
 Summon Lightning Spire   Summ/Air       14%        N/A       41%         4
 Lightning Bolt           Conj/Air       1%         1d12      98%         5
 Maxwell's Capacitive Co  Air            1%         ∞         100%        8


Dungeon Overview and Level Annotations

Branches:
Dungeon (4/15)
 Temple: D:4-7

Altars:
Makhleb

Shops:
D:2 =


Innate Abilities, Weirdness & Mutations

You have sharp claws.
You have razor-sharp teeth.
You have supernaturally acute eyesight. (SInv)
You cover ground quickly. (Speed+)
You are covered in fur. (AC +1)
Your paws help you pounce on unaware monsters.
You are incapable of wielding weapons or throwing items.
You cannot wear armour.
You gain extra lives every three experience levels.


Message History

Your bat's corpse disappears in a puff of smoke!
The gnoll bouda shouts!
Your crimson imp hits the gnoll bouda but does no damage.
The gnoll bouda utters an invocation to its god.
The gnoll bouda is healed somewhat.
Your crimson imp barely misses the gnoll bouda.
A beastly little devil appears in a puff of frigid air.
Your crimson imp disappears in a puff of smoke!
You now have 0/11 mp.
What are your orders? t - Meow!
Orders for allies: a - Attack new target. p - Attack previous target. r - Retreat! s - Stop attacking. g - Guard the area. f - Follow me.
Anything else - Cancel.
Gang up on whom?
Aim: a gnoll bouda, wielding a +0 club and wearing a +0 leather armour (moderately wounded, ally target) Attack!
The gnoll bouda misses your white imp.
Your white imp gestures at the gnoll bouda.
The puff of frost hits the gnoll bouda.
The gnoll bouda hits your white imp with a +0 club.
Your white imp hits the gnoll bouda.
Your white imp freezes the gnoll bouda.
The gnoll bouda hits your white imp with a +0 club.
Your white imp hits the gnoll bouda but does no damage.
The gnoll bouda prays to its god.
The gnoll bouda is healed somewhat.
Your white imp gestures at the gnoll bouda.
The puff of frost hits the gnoll bouda!
The gnoll bouda dies!
Unknown command.
You start resting.
Health restored: 22; MP restored: 11
There is an open door here.
You now have 247 gold pieces (gained 25).
Your white imp disappears in a puff of smoke!
There is an open door here.
You open the door.
An endoplasm, an ogre and a kobold come into view.
The kobold shouts!
The endoplasm quivers.
The ogre shouts!
You now have 8/11 mp.
What are your orders? t - Meow!
Orders for allies: a - Attack new target. r - Retreat! s - Stop attacking. g - Guard the area. f - Follow me.
Anything else - Cancel.
Gang up on whom?
Aim: a kobold, wielding a +0 dagger Attack!
Your hound closely misses the kobold.
You swap places.
Your hound closely misses the kobold. x2
Your hound closely misses the kobold.
Your hound misses the kobold.
Your hound bites the ogre.
Your hound disappears in a puff of smoke!
The kobold hits you with a +0 dagger.
You take 3 damage, and have 19/22 hp.
You now have 6/11 mp.
Your hound bites the kobold.
Your hound bites the kobold.
The kobold dies!
Your hound bites the ogre.
Your hound bites the ogre.
Your hound barely misses the ogre.
Your hound bites the ogre.
A beastly little devil appears in a puff of frigid air.
Your hound bites the ogre.
The endoplasm closely misses your hound.
You now have 4/11 mp.
A hobgoblin comes into view.
Your white imp gestures at the ogre.
The puff of frost hits the ogre!
Your hound closely misses the ogre.
The ogre hits your white imp with a +0 giant club!!
Your white imp dies!
Your white imp disappears in a puff of smoke!
Your hound bites the ogre.
The endoplasm hits your hound but does no damage.
The hobgoblin shouts!
Your hound bites the endoplasm.
Your hound bites the endoplasm but does no damage.
Your hound bites the endoplasm.
The endoplasm dies!
You now have 4/11 mp.
You miscast Summon Small Mammal.
You are very lightly contaminated with residual magic.
Nothing appears to happen.
You now have 3/11 mp.
Your rat bites the hobgoblin.
You now have 2/11 mp.
You swap places.
The ogre hits you with a +0 giant club!!
Ouch! That really hurt!
You die...
Your quokka bites the ogre.
The ogre dies!
You are now level 4!
You rejoin the land of the living...
Your Hexes skill increases to level 2!
Welcome back to level 5!
Health restored: 22; MP restored: 11

# #. #.###
#...#
#.#####.#
#.....@.#
#.#####.#
..# ###
........#
#.......##


There were no monsters in sight!

Vanquished Creatures (collateral kills)
  An ogre (D:4)
  A scorpion (D:4)
  A gnoll bouda (D:4)
  An orc wizard (D:3)
  A nameless horror (D:3)
  2 adders
  An ufetubus (D:4)
  6 orcs
  9 endoplasms
  3 giant cockroaches (D:1)
  5 goblins (D:1)
  6 hobgoblins
  6 jackals (D:2)
  13 kobolds
  5 quokkas
  10 ball pythons
  7 bats
  4 frilled lizards
  7 rats
89 creatures vanquished.

Notes
Turn   | Place    | Note
-------+----------+-------------------------------------------
     0 | D:1      | OTABOTABOTAB the Felid Summoner began the quest for the
                  | Orb.
     0 | D:1      | Reached XP level 1. HP: 7/7 MP: 4/4
   339 | D:1      | Reached XP level 2. HP: 11/11 MP: 3/6
   486 | D:1      | Learned a level 2 spell: Call Imp
  1854 | D:1      | Reached XP level 3. HP: 14/14 MP: 4/8
  1858 | D:1      | Learned a level 3 spell: Call Canine Familiar
  2787 | D:2      | Found Hatozibb's Jewellery Boutique.
  3243 | D:2      | Reached skill level 3 in Spellcasting
  4110 | D:3      | Reached skill level 5 in Summonings
  4110 | D:3      | Reached XP level 4. HP: 13/18 MP: 2/9
  4300 | D:3      | Found a burning altar of Makhleb.
  4393 | D:3      | Noticed a nameless horror
  4404 | D:3      | Killed a nameless horror
  4801 | D:3      | Learned a level 3 spell: Summon Guardian Golem
  5274 | D:4      | Noticed a scorpion
  5288 | D:4      | Killed a scorpion
  5289 | D:4      | Reached skill level 3 in Dodging
  5289 | D:4      | Reached skill level 1 in Hexes
  5289 | D:4      | Reached XP level 5. HP: 21/21 MP: 2/11
  5516 | D:4      | Reached skill level 1 in Fighting
  6468 | D:4      | Noticed an ogre
  6494 | D:4      | Slain by an ogre
  6494 | D:4      | Killed an ogre
  6495 | D:4      | Reached XP level 4. HP: -4/19 MP: 2/10
  6495 | D:4      | Reached skill level 2 in Hexes
  6495 | D:4      | Reached XP level 5. HP: 22/22 MP: 11/11
  6496 | D:4      | Quit the game

Illustrated notes

Levels and vault maps discovered:
D:1:      saegor_arrival_simple_b, layout_basic
D:2:      layout_loops_cross, serial_shops, shop, minmay_misc_feat_diagonals
D:3:      layout_basic, lemuel_round_altar
D:4:      cheibrodos_barr_body, layout_cave_pods, serial_glass, glass_columns_c,
          glass_columns_a, minmay_misc_feat_ornament

Skill      XL: |  1  2  3  4  5 |
---------------+----------------+-----
Spellcasting   | 3 |  3.8
Summonings     | 5 |  5.5
Dodging        | 3 |  3.6
Hexes          | 2 |  2.3
Fighting       | 1 |  1.7
Stealth        | |  2.6

Action                   |  1- 3 |  4- 6 || total
-------------------------+-------+-------++-------
 Cast: Summon Small Mamm |    92 |    43 ||   135
       Call Imp          |    35 |    22 ||    57
       Call Canine Famil |    15 |    23 ||    38
Dodge: Dodged            |    20 |    19 ||    39

Table legend: (Time is in decaauts)
 A = Elapsed time spent in this place.
 B = Non-inter-level travel time spent in this place.
 C = Inter-level travel time spent in this place.
 D = Time resting spent in this place.
 E = Time spent auto-exploring this place.
 F = Levels seen in this place.
 G = Mean time per level.
                   A        B        C        D        E       F      G
               +--------+--------+--------+--------+--------+-----+--------+
         Total |   5944 |   5880 |     64 |    822 |   4012 |   4 | 1486.0 |
       Dungeon |   5944 |   5880 |     64 |    822 |   4012 |   4 | 1486.0 |
               +--------+--------+--------+--------+--------+-----+--------+

Top non-repeatable levels by time:
     D:1: 1989 daAuts
     D:3: 1421 daAuts
     D:4: 1280 daAuts
     D:2: 1254 daAuts

Table legend:
 A = Kills in this place as a percentage of kills in entire the game.
 B = Kills by you in this place as a percentage of kills by you in the entire game.
 C = Kills by friends in this place as a percentage of kills by friends in the entire game.
 D = Other kills in this place as a percentage of other kills in the entire game.
 E = Experience gained in this place as a percentage of experience gained in the entire game.
 F = Experience gained in this place divided by the number of levels of this place that you have seen.
                   A       B       C       D       E      F
               +-------+-------+-------+-------+-------+----------------------
         Total | 100.0 |   N/A | 100.0 |   N/A | 100.0 | 110.2
       Dungeon | 100.0 |   N/A | 100.0 |   N/A | 100.0 | 110.2
               +-------+-------+-------+-------+-------+----------------------
